 Dungeon Crawl Stone Soup version 0.22-a0-776-ge6d7efa (webtiles) character file.

19 jjfam the Skirmisher (level 2, 0/27 HPs)
             Began as a Hill Orc Fighter on July 18, 2018.
             Slain by an adder (1 damage)
             ... on level 2 of the Dungeon.
             The game lasted 00:01:37 (912 turns).

jjfam the Skirmisher (Hill Orc Fighter)              Turns: 912, Time: 00:01:38

Health: 0/27       AC:  6    Str: 18    XL:     2   Next: 75%
Magic:  2/2        EV:  7    Int:  8    God:
Gold:   47         SH:  9    Dex: 10    Spells: 1/1 levels left

rFire    . . .     SeeInvis .   a - +0 war axe
rCold    . . .     Gourm    .   c - +0 shield
rNeg     . . .     Faith    .   b - +0 scale mail
rPois    .         Spirit   .   (no helmet)
rElec    .         Reflect  .   (no cloak)
rCorr    .         Harm     .   (no gloves)
MR       .....                  (no boots)
Stlth    ..........             (no amulet)
HPRegen  0.09/turn              (no ring)
MPRegen  0.08/turn              (no ring)

@: lethally poisoned (0 -> -8)
A: no striking features
a: no special abilities


You were on level 2 of the Dungeon.
You were not hungry.

You visited 1 branch of the dungeon, and saw 2 of its levels.

You collected 47 gold pieces.

Inventory:

Hand Weapons
 a - a +0 war axe (weapon)
Armour
 b - a +0 scale mail (worn)
 c - a +0 shield (worn)
Jewellery
 m - a +3 amulet of reflection {unknown}
Scrolls
 e - a scroll of noise {unknown}
 i - 2 scrolls of random uselessness {unknown}
 j - a scroll of fear {unknown}
Potions
 d - a potion of might
 h - a potion of haste {unknown}
 k - a potion of agility {unknown}
 l - 2 potions of brilliance {unknown}
Comestibles
 f - 2 rations


   Skills:
 + Level 3.8 Fighting
 + Level 3.3 Axes
 + Level 3.5 Armour
 + Level 3.6 Shields


You had one spell level left.
You didn't know any spells.
Your spell library was empty.

Dungeon Overview and Level Annotations

Branches:
Dungeon (2/15)

Altars:
Uskayaw


Message History

The adder is almost dead.
You block the adder's attack. The adder bites you.
* * * LOW HITPOINT WARNING * * *
Unknown command.
You completely miss the adder.
The adder is almost dead.
* * * LOW HITPOINT WARNING * * *
You feel sick. The adder bites you but does no damage.
The adder closely misses you.
You barely miss the adder.
The adder is severely wounded.
You block the adder's attack. The adder bites you.
* * * LOW HITPOINT WARNING * * *
You are more poisoned.
The adder poisons you!
You miss the adder.
The adder is severely wounded.
* * * LOW HITPOINT WARNING * * *
You feel sick. The adder bites you.
You die...

... #..)..... ....
#........
........++........
....)...#...####..
.......#...#..#..
........_.#(.#..
#........#(.#..
#......@.####..
#......S.......
########..........###.
#............######
#.#########..#
#.#<(..)..#..#
#.#######.#..#
#...).....#..#
###########..#


You could see 2 dancing weapons and an adder.

Vanquished Creatures
  An ooze (D:1)
  3 goblins
  2 hobgoblins (D:1)
  A bat (D:1)
  2 frilled lizards (D:1)
  3 kobolds (D:1)
  4 rats (D:1)
16 creatures vanquished.

Notes
Turn   | Place    | Note
-------+----------+-------------------------------------------
     0 | D:1      | jjfam the Hill Orc Fighter began the quest for the Orb.
     0 | D:1      | Reached XP level 1. HP: 19/19 MP: 1/1
   466 | D:1      | Reached XP level 2. HP: 25/27 MP: 2/2
   883 | D:2      | Found a hide-covered altar of Uskayaw.
   886 | D:2      | Noticed a hand axe
   886 | D:2      | Noticed a dagger
   912 | D:2      | HP: 1/27 [poisoned by an adder]
   912 | D:2      | Slain by an adder

Vault maps used:
D:1:      lightli_molten_gateway, minmay_distorted
D:2:      lemuel_round_altar, dancing_weapons_uskayaw, grunt_decor_mini_mirrors,
          minmay_tiny_reverse_x

Skill      XL: |  1  2 |
---------------+-------+-----
Axes           | 3 |  3.3
Fighting       | |  3.8
Armour         | |  3.5
Shields        | |  3.6

Action                   || total
-------------------------++-------
Melee: War axe           ||    63
Armor: Scale mail        ||    18
Dodge: Dodged            ||    28
Block: Shield            ||    43

Table legend:
 A = Spawn XP
 B = Non-spawn XP
 C = Spawn XP percentage of total XP
 D = Spawn monster count
 E = Non-spawn monster count
 F = Spawn count percentage of total count
 G = Total turns spent on level
                    A         B        C        D         E        F      G
               +---------+---------+-------+---------+---------+-------+---------
         Total |       0 |      28 |   0.0 |       0 |      16 |   0.0 |   912
               +---------+---------+-------+---------+---------+-------+---------
           D:1 |       0 |      26 |   0.0 |       0 |      15 |   0.0 |   855
           D:2 |       0 |       2 |   0.0 |       0 |       1 |   0.0 |    57
               +---------+---------+-------+---------+---------+-------+---------
